 Dungeon Crawl Stone Soup version 0.19.5 (console) character file.

5128 Grinner the Spear-Bearer (level 10, -3/60 HPs)
             Began as an Octopode Gladiator on Mar 9, 2017.
             Slain by a yak (14 damage)
             ... on level 8 of the Dungeon.
             The game lasted 00:26:24 (10212 turns).

Grinner the Spear-Bearer (Octopode Gladiator)      Turns: 10212, Time: 00:26:24

Health: -3/60      AC:  1    Str: 16    XL:     10   Next: 58%
Magic:  10/10      EV: 20    Int: 12    God:
Gold:   509        SH:  0    Dex: 15    Spells: 0 memorised, 9 levels left

rFire  . . .     SeeInvis .     a - +0 trident
rCold  + . .     Gourm    .     (no shield)
rNeg   + . .     Faith    +     b - +0 hat
rPois  .         Spirit   .     w - amulet of faith
rElec  .         Reflect  .     y - +2 ring of intelligence
rCorr  .         Harm     .     B - ring of positive energy
MR     .....                    H - ring of protection from cold
Stlth  ++++++....               I - +2 ring of evasion
                                (no ring)
                                (no ring)
                                (no ring)
                                (no ring)

@: no status effects
A: almost no armour, stealthy swim, amphibious, 8 rings, constrict 8, camouflage
1, gelatinous body 1
a: no special abilities


You were on level 8 of the Dungeon.
You were not hungry.

You visited 1 branch of the dungeon, and saw 9 of its levels.

You collected 509 gold pieces.

Inventory:

Hand Weapons
 a - a +0 trident (weapon)
 e - a +0 dagger
 v - a +0 scythe
 L - a +0 bardiche
Missiles
 c - 3 throwing nets (quivered)
Armour
 b - a +0 hat (worn)
Jewellery
 n - an uncursed ring of positive energy
 w - an amulet of faith (around mantle)
 y - a +2 ring of intelligence (left tentacle)
 B - a ring of positive energy (right tentacle)
 H - a ring of protection from cold (on tentacle)
 I - a +2 ring of evasion (on tentacle)
Wands
 o - a wand of random effects (16/48)
 x - a wand of lightning (2/15)
 D - a wand of disintegration (19/24)
 E - a wand of paralysis (0/24)
 M - a wand of iceblast (9/15)
Scrolls
 f - 5 scrolls of remove curse
 h - 2 scrolls of recharging {unknown}
 j - 4 scrolls of magic mapping {unknown}
 k - 2 scrolls of enchant weapon {unknown}
 m - 4 scrolls of noise {unknown}
 q - 2 scrolls of enchant armour {unknown}
 r - 8 scrolls of identify
 A - 3 scrolls of teleportation
 C - 2 scrolls of fog {unknown}
 G - a scroll of fear {unknown}
 K - 2 scrolls of amnesia {unknown}
Potions
 p - 4 potions of degeneration
 s - a potion of agility
 t - a potion of magic
 u - 2 potions of cancellation
 F - a potion of heal wounds
 J - a potion of invisibility {unknown}
Books
 l - a book of Necromancy

   Spells                             Type                      Level
   a - Pain                           Necromancy                   1
   b - Animate Skeleton               Necromancy                   1
   c - Vampiric Draining              Necromancy                   3
   d - Regeneration                   Charms/Necromancy            3
   e - Animate Dead                   Necromancy                   4
   f - Control Undead                 Necromancy                   4
Comestibles
 d - 5 bread rations
 g - 5 meat rations
 i - 3 beef jerkies
 z - a slice of pizza


   Skills:
 - Level 2.0 Fighting
 * Level 11.2 Polearms
 - Level 2.0 Throwing
 + Level 8.2 Dodging
 + Level 10.7 Stealth


You had 9 spell levels left.
You didn't know any spells.

Dungeon Overview and Level Annotations

Branches:
Dungeon (9/15)             Temple (0/1) D:6            Lair (0/6) D:8
    Orc: D:9-12

Altars:
Cheibriados
Elyvilon
Hepliaklqana
Makhleb
Sif Muna
Trog
Zin

Shops:
D:4 }(?


Innate Abilities, Weirdness & Mutations

You cannot wear most types of armour.
You are very stealthy in the water. (Stealth+)
You are amphibious.
You can wear up to eight rings at the same time.
You can use your tentacles to constrict eight enemies at once.
Your skin changes colour to match your surroundings (Stealth+).
Your rubbery body absorbs attacks. (AC +1, EV +1)


Message History

Evoke which item? (* to show all) (? for menu, Esc to quit)
Zapping:
E - a wand of paralysis {zapped: 6} (will waste charges)
Press: ? - help, Shift-Dir - straight line, f - yak
Aim: a yak (chance to defeat MR: 46%)
The yak resists with some effort.
Evoking this partially-identified wand wasted a few charges.
Evoke which item? (* to show all) (? for menu, Esc to quit)
Zapping:
E - a wand of paralysis {zapped: 8} (will waste charges)
Press: ? - help, Shift-Dir - straight line, f/p - yak
Aim: a yak (chance to defeat MR: 46%)
The yak resists with some effort.
Evoking this partially-identified wand wasted a few charges.
The yak gores you.
* * * LOW HITPOINT WARNING * * *
Evoke which item? (* to show all) (? for menu, Esc to quit)
Zapping:
E - a wand of paralysis {zapped: 11} (will waste charges)
Press: ? - help, Shift-Dir - straight line, f/p - yak
Aim: a yak (chance to defeat MR: 46%) Nothing appears to happen.
The yak gores you!
You die...

#.#
###..Y########..#########
#.# ##t## #..# #.# #F#
#..# #.########Y#
#).###### #..........#
######........
##########.#
#............. #.#
#.####.####### . #Y####.#
#.# #tFYY@.# #.. ########
####


You could see 3 yaks, a crocodile and a bullfrog.

Vanquished Creatures
  Pikel (D:9)
  A hippogriff (D:8)
  Sigmund (D:4)
  6 yaks
  Eustachio (D:4)
  2 hungry ghosts
  Menkaure (D:5)
  Edmund (D:5)
  A water moccasin (D:6)
  4 orc warriors
  A slave (D:9)
  An ogre (D:5)
  A phantom (D:5)
  2 necrophages
  A sky beast (D:9)
  2 centaurs
  3 crocodiles (D:8)
  3 bullfrogs
  3 scorpions
  3 howler monkeys
  A quasit (D:5)
  A crimson imp (D:7)
  A centaur zombie (D:8)
  A hound (D:8)
  2 bullfrog zombies
  A jelly (D:7)
  2 centaur skeletons
  An orc priest (D:8)
  Crazy Yiuf (D:5)
  5 orc wizards
  Natasha (thrice) (D:2)
  7 worker ants
  A killer bee zombie (D:7)
  A hound skeleton (D:4)
  2 howler monkey skeletons
  2 worker ant zombies (D:5)
  4 gnolls (D:3)
  7 adders
  3 river rats
  4 worms
  3 dart slugs (D:2)
  6 leopard geckos
  36 orcs
  A giant cockroach (D:3)
  3 goblins
  11 hobgoblins
  16 jackals
  4 kobolds
  3 quokkas
  A ball python (D:1)
  11 bats
  7 frilled lizards
  A jackal skeleton (D:6)
  A jackal zombie (D:8)
  A leopard gecko skeleton (D:5)
  12 rats
206 creatures vanquished.

Vanquished Creatures (others)
  2 plants (D:8)
  4 toadstools (D:1)
6 creatures vanquished.

Grand Total: 212 creatures vanquished

Notes
Turn   | Place    | Note
-------+----------+-------------------------------------------
     0 | D:1      | Grinner the Octopode Gladiator began the quest for the Orb.
     0 | D:1      | Reached XP level 1. HP: 14/14 MP: 1/1
   241 | D:1      | Reached skill level 1 in Stealth
   241 | D:1      | Reached XP level 2. HP: 15/19 MP: 2/2
   681 | D:1      | Reached XP level 3. HP: 24/24 MP: 3/3
  1199 | D:2      | Found a hazy altar of Hepliaklqana.
  1321 | D:2      | Noticed Natasha
  1327 | D:2      | Killed Natasha
  1327 | D:2      | Reached XP level 4. HP: 22/29 MP: 4/4
  1412 | D:2      | Noticed Natasha
  1415 | D:2      | Killed Natasha
  1415 | D:2      | Reached skill level 4 in Polearms
  1421 | D:2      | Noticed Natasha
  1427 | D:2      | Killed Natasha
  1427 | D:2      | Reached XP level 5. HP: 20/34 MP: 5/5
  1726 | D:2      | Found a glowing silver altar of Zin.
  1730 | D:2      | Found a snail-covered altar of Cheibriados.
  1730 | D:2      | Found a white marble altar of Elyvilon.
  1944 | D:3      | Found a deep blue altar of Sif Muna.
  2267 | D:3      | Reached skill level 5 in Polearms
  2275 | D:3      | Reached XP level 6. HP: 38/39 MP: 6/6
  2726 | D:4      | Noticed Sigmund
  2738 | D:4      | Killed Sigmund
  2770 | D:4      | Noticed Eustachio
  2783 | D:4      | Killed Eustachio
  2783 | D:4      | Reached skill level 6 in Polearms
  2783 | D:4      | Reached XP level 7. HP: 36/45 MP: 7/7
  2865 | D:4      | Found Voepeh's Weapon Shoppe.
  2998 | D:4      | Found Uhiulast's Gadget Emporium.
  3055 | D:4      | Reached skill level 5 in Dodging
  3154 | D:4      | Found Mujagaj's Magic Scroll Shop.
  3181 | D:4      | Reached skill level 5 in Stealth
  3475 | D:5      | Entered Level 5 of the Dungeon
  3921 | D:5      | Noticed Menkaure
  3927 | D:5      | Killed Menkaure
  3927 | D:5      | Reached skill level 7 in Polearms
  3927 | D:5      | Reached XP level 8. HP: 41/50 MP: 8/8
  3942 | D:5      | Noticed Edmund
  3951 | D:5      | Killed Edmund
  4237 | D:5      | Found a runed door.
  4241 | D:5      | Noticed Crazy Yiuf
  4243 | D:5      | Killed Crazy Yiuf
  4688 | D:5      | Reached skill level 8 in Polearms
  5317 | D:6      | Found a staircase to the Ecumenical Temple.
  5433 | D:6      | Noticed a moth of wrath
  5435 | D:6      | Found a bloodstained altar of Trog.
  5622 | D:6      | Reached XP level 9. HP: 35/54 MP: 9/9
  5892 | D:6      | Found a deep blue altar of Sif Muna.
  6462 | D:7      | Reached skill level 9 in Polearms
  8119 | D:8      | Found a staircase to the Lair.
  8648 | D:7      | Noticed a manticore
  9005 | D:8      | Reached skill level 10 in Polearms
  9144 | D:8      | Found a burning altar of Makhleb.
  9161 | D:8      | Reached XP level 10. HP: 34/60 MP: 10/10
  9735 | D:9      | Noticed Pikel
  9794 | D:9      | Killed Pikel
  9794 | D:9      | Reached skill level 10 in Stealth
  9919 | D:9      | Reached skill level 11 in Polearms
 10212 | D:8      | Slain by a yak

Skill      XL: |  1  2  3  4  5  6  7  8  9 10 |
---------------+-------------------------------+-----
Stealth        | 1 2 3 4 5 7 9 10 | 10.7
Polearms       | 4 5 6 7 8 10 11 | 11.2
Dodging        | 4 5 6 7 8 |  8.2
Fighting       | |  2.0
Throwing       | |  2.0

Action                   |  1- 3 |  4- 6 |  7- 9 | 10-12 || total
-------------------------+-------+-------+-------+-------++-------
Melee: Trident           |    72 |    92 |   175 |   139 ||   478
       Constrict         |    12 |    20 |    56 |    11 ||    99
       Tentacles         |    14 |    17 |    62 |    30 ||   123
       Scythe            |       |     8 |   131 |       ||   139
       Bardiche          |       |       |    86 |       ||    86
Throw: Throwing net      |       |     2 |     8 |       ||    10
Evoke: Wand              |       |       |     1 |     4 ||     5
  Use: Scroll            |       |       |     2 |     2 ||     4
       Potion            |       |       |    12 |       ||    12
 Stab: Sleeping          |    13 |    13 |    24 |     2 ||    52
       Held in net/web   |       |       |     2 |       ||     2
       Distracted        |       |       |     1 |     5 ||     6
       Paralysed         |       |       |       |     1 ||     1
  Eat: Chunk             |     1 |     4 |    14 |       ||    19
       Bread ration      |       |       |     5 |     1 ||     6
       Fruit             |       |       |     4 |       ||     4
       Pizza             |       |       |     1 |       ||     1
       Beef jerky        |       |       |     1 |       ||     1
Armor: Skin              |     3 |     4 |    11 |     4 ||    22
Dodge: Dodged            |    45 |    37 |   303 |    76 ||   461
